 Dungeon Crawl Stone Soup version 0.31-a0-257-gf185e81a89 (webtiles) character file.

Game seed: 17150377029775078978

38 qw the Shooter (level 3, 0/29 HPs)
             Began as a Minotaur Hexslinger on July 12, 2023.
             Succumbed to an adder's poison
             ... on level 2 of the Dungeon.
             The game lasted 00:00:20 (1072 turns).

qw the Shooter (Minotaur Hexslinger)                Turns: 1072, Time: 00:00:20

Health: 0/29       AC:  3    Str: 10    XL:     3   Next: 25%
Magic:  3/3        EV:  9    Int: 18    God:
Gold:   54         SH:  0    Dex: 14    Spells: 3/4 levels left

rFire   x . .        Y - +1 sling
rCold   + + .        (no shield)
rNeg    . . .        d - +0 leather armour
rPois   .            (helmet restricted)
rElec   .            (no cloak)
rCorr   .            (no gloves)
SInv    +            (no boots)
Will    .....        (no amulet)
Stlth   +            h - ring of protection from cold
HPRegen 0.24/turn    a - ring "Hyprig" {Ice Drain Fly Str-2 Int+8 SInv}
MPRegen 0.08/turn

%: no passive effects
@: lethally poisoned (0 -> -2), flying, constricted
A: horns 2, retaliatory headbutt
a: no special abilities


You were on level 2 of the Dungeon.
You visited 1 branch of the dungeon, and saw 2 of its levels.

You collected 54 gold pieces.


Innate Abilities, Weirdness & Mutations

You have a pair of horns on your head.
You reflexively headbutt those who attack you in melee.


   Skills:
 - Level 2.0 Fighting
 + Level 3.8 Ranged Weapons
 - Level 2.1 Dodging
 - Level 1.0 Spellcasting
 - Level 2.0 Hexes


You had 3 spell levels left.
You knew the following spells:

 Your Spells              Type           Power      Damage    Failure   Level
a - Slow                  Hex            32%        N/A       12%         1

Your spell library contained the following spells:

 Spells                   Type           Power      Damage    Failure   Level
 Inner Flame              Hex/Fire       4%         N/A       47%         3
 Portal Projectile        Hex/Tloc       8%         N/A       47%         3
 Cause Fear               Hex            4%         N/A       75%         4

Inventory:

Hand Weapons
 Y - a +1 sling (weapon)
Armour
 d - a +0 leather armour (worn)
Jewellery
 a - the ring "Hyprig" (right hand) {Ice Drain Fly Str-2 Int+8 SInv}
   (You acquired it on level 1 of the Dungeon)

   [ring of ice]

   It enhances your ice magic.
   Str:       It affects your strength (-2).
   Int:       It affects your intelligence (+8).
   rF:        It makes you vulnerable to fire.
   rC:        It protects you from cold.
   SInv:      It lets you see invisible.
   Fly:       It grants you flight.
   Drain:     It drains your maximum health when unequipped.
 h - a ring of protection from cold (left hand)
Scrolls
 b - a scroll of blinking {unknown}
 c - a scroll of enchant armour {unknown}

Dungeon Overview and Level Annotations

Branches:
Dungeon (2/15)

Altars:


Message History

You shoot a sling bullet.
The sling bullet hits the adder but does no damage.
The adder is heavily wounded.
You feel sick. The adder misses you.
You shoot a sling bullet. The sling bullet misses the adder.
You feel sick. The adder closely misses you.
The adder bites you but does no damage.
You shoot a sling bullet.
The sling bullet closely misses the adder.
You feel sick. The adder bites you.
You are more poisoned.
The adder poisons you!
A ball python comes into view.
You shoot a sling bullet.
The sling bullet closely misses the adder.
The ball python hisses angrily.
You feel very sick. The adder misses you. The adder bites you.
You are more poisoned.
The adder poisons you!
You shoot a sling bullet. The sling bullet hits the adder.
The adder is heavily wounded.
You feel very sick. The adder bites you. The adder closely misses you.
You furiously retaliate!
You headbutt the adder, but do no damage.
You shoot a sling bullet.
The sling bullet closely misses the adder.
You feel sick. The adder bites you. The adder misses you.
You shoot a sling bullet.
The sling bullet closely misses the adder.
You feel sick. The adder closely misses you.
You shoot a sling bullet. The sling bullet hits the adder.
The adder is severely wounded.
You feel sick. The adder bites you. The ball python completely misses you.
The ball python grabs you. The ball python constricts you.
The adder barely misses you. The ball python closely misses you.
The ball python constricts you.
You shoot a sling bullet.
The sling bullet barely misses the ball python.
You die...

##...##
##...#
..
#...##
..
##...#
.#
#...##.#
##...#.#
#...#.#
#...#S#
##.#@.#
#.S.##
###.#
#.# #.#
#.# #.#
#.#


You could see an adder and a ball python.

Vanquished Creatures
  An adder (D:2)
  2 dart slugs (D:1)
  3 ball pythons
  3 endoplasms
  A giant cockroach (D:1)
  3 goblins (D:1)
  2 hobgoblins (D:1)
  3 bats
  3 frilled lizards (D:1)
  4 kobolds
  A rat (D:1)
26 creatures vanquished.

Notes
Turn   | Place    | Note
-------+----------+-------------------------------------------
     0 | D:1      | qw the Minotaur Hexslinger began the quest for the Orb.
     0 | D:1      | Reached XP level 1. HP: 16/16 MP: 1/1
     0 | D:1      | 0 ||| qw: Version: 0.3-a-52-g30416fa
     0 | D:1      | 0 ||| qw: Game counter: 6801
     0 | D:1      | 0 ||| qw: Melee chars always use a shield: true
     0 | D:1      | 0 ||| qw: God list: Okawaru
     0 | D:1      | 0 ||| qw: Allow faded altars: false
     0 | D:1      | 0 ||| qw: Do Orc after clearing Dungeon:15 true
     0 | D:1      | 0 ||| qw: Do second Lair branch before Depths: true
     0 | D:1      | 0 ||| qw: Lair rune preference: random
     0 | D:1      | 0 ||| qw: Goals: Normal
     0 | D:1      | 0 ||| PLANNING D:1-11
   319 | D:1      | Reached skill level 3 in Ranged Weapons
   364 | D:1      | Reached XP level 2. HP: 23/23 MP: 2/2
   867 | D:1      | 867 ||| UPGRADING to +0 leather armour.
   877 | D:1      | 877 ||| DROPPING +0 robe.
   878 | D:1      | 878 ||| UPGRADING to ring of protection from cold.
   879 | D:1      | 879 ||| READING scroll labelled ZOSTON NEB SUI.
   880 | D:1      | 880 ||| READING scroll labelled ZIUPTO XIPNEDD.
   880 | D:1      | Identified a scroll of acquirement
   880 | D:1      | 880 ||| ACQUIRING ring "Hyprig" {Ice Drain Fly Str-2 Int+8
                  | SInv}
   880 | D:1      | Acquired the ring "Hyprig" {Ice Drain Fly Str-2 Int+8 SInv}
   882 | D:1      | 882 ||| UPGRADING to ring "Hyprig" {Ice Drain Fly Str-2
                  | Int+8 SInv}.
   883 | D:1      | 883 ||| READING scroll labelled BUREBE IMAUDGHE.
   888 | D:1      | 888 ||| DROPPING scroll of poison.
   916 | D:2      | Reached XP level 3. HP: 27/29 MP: 3/3
  1069 | D:2      | HP: 6/29 [adder (2)]
  1071 | D:2      | HP: 1/29 [adder (2)]
  1072 | D:2      | Succumbed to an adder's poison

Levels and vault maps discovered:
D:1:      kennysheep_arrival_forest, layout_basic
D:2:      layout_loops_ring, supply_closet_lemuel, eino_curves_01,
          grunt_decor_clamped, grunt_ministairs_2

Skill      XL: |  1  2 |
---------------+-------+-----
Ranged Weapons | 3 |  3.8
Fighting       | 2 |  2.0
Dodging        | |  2.1
Spellcasting   | |  1.0
Hexes          | |  2.0

Action                     || total
---------------------------++-------
   Fire: Sling             ||    71
    Use: Scroll            ||     3
 Armour: Robe              ||     1
         Leather armour    ||     7
  Dodge: Dodged            ||    22

Table legend:
 A = Non-vault XP
 B = Vault XP
 C = Vault XP percentage of total XP
 D = Non-vault monster count
 E = Vault monster count
 F = Vault count percentage of total count
                 A         B        C        D         E       F
            +---------+---------+-------+---------+---------+-------
      Total |      52 |       3 |   5.5 |      24 |       2 |   7.7
            +---------+---------+-------+---------+---------+-------
        D:1 |      37 |       0 |   0.0 |      21 |       0 |   0.0
        D:2 |      15 |       3 |  16.7 |       3 |       2 |  40.0
            +---------+---------+-------+---------+---------+-------
